 Dungeon Crawl Stone Soup version 0.29-a0-870-g2c972031a6 (webtiles) character file.

Game seed: 16999043329139719136

1031 mathmaestro the Grave Robber (level 8, 62/64 HPs)
             Began as a Demonspawn Necromancer on July 17, 2022.
             Quit the game on level 5 of the Dungeon.
             The game lasted 00:18:45 (5087 turns).

mathmaestro the Grave Robber (DsNe)                 Turns: 5087, Time: 00:18:45

Health: 62/64      AC: 10    Str: 16    XL:     8   Next: 3%
Magic:  15/15      EV: 12    Int: 18    God:
Gold:   253        SH:  0    Dex: 13    Spells: 3/16 levels left

rFire   + . .      SeeInvis +   e - +7 dagger of the Devouring Gods {speed, rF+ SInv}
rCold   . . .      Faith    .   (no shield)
rNeg    . . .      Spirit   .   r - +0 leather armour
rPois   .          Reflect  .   (no helmet)
rElec   .          Harm     .   (no cloak)
rCorr   .          Rampage  .   (no gloves)
Will    .....                   a - +0 pair of boots
Stlth   ++........              (no amulet)
HPRegen 0.20/turn               h - +4 ring of protection
MPRegen 0.14/turn               k - +6 ring of strength

@: no status effects
A: rugged brown scales 2, foul stench 1, demonic touch 2
a: no special abilities


You were on level 5 of the Dungeon.
You visited 1 branch of the dungeon, and saw 5 of its levels.

You collected 253 gold pieces.

Inventory:

Hand Weapons
 e - the +7 dagger of the Devouring Gods (weapon) {speed, rF+ SInv}
   (You found it on level 4 of the Dungeon)

   Attacks with this weapon are significantly faster.
   rF:        It protects you from fire.
   SInv:      It lets you see invisible.
 i - a +0 sling
 m - a +3 hand axe
 s - a +2 shortbow of freezing
Missiles
 g - 9 javelins (quivered)
Armour
 a - a +0 pair of boots (worn)
 r - a +0 leather armour (worn)
Jewellery
 h - a +4 ring of protection (left hand)
 k - a +6 ring of strength (right hand)
 n - a ring of fire
Scrolls
 c - a scroll of identify
 f - a scroll of poison
 j - a scroll of brand weapon
 l - a scroll of enchant weapon
 u - a scroll of teleportation {unknown}
Potions
 b - a potion of magic
 d - a potion of mutation {unknown}
 o - a potion of might
 p - a potion of degeneration {unknown}
 q - 3 potions of flight
 t - a potion of brilliance


   Skills:
 + Level 4.5 Fighting
 + Level 3.1 Armour
 - Level 2.0 Dodging
 - Level 2.0 Stealth
 + Level 4.8 Spellcasting
 + Level 6.9 Necromancy


You had 3 spell levels left.
You knew the following spells:

 Your Spells              Type           Power      Damage    Failure   Level
a - Necrotise             Necr           100%       1d9       1%          1
b - Vampiric Draining     Necr           29%        2d8       2%          3
c - Animate Dead          Necr           29%        N/A       9%          4
d - Agony                 Necr           29%        N/A       26%         5

Your spell library contained the following spells:

 Spells                   Type           Power      Damage    Failure   Level
 Slow                     Hex            16%        N/A       16%         1
 Ensorcelled Hibernation  Hex/Ice        8%         N/A       24%         2
 Passwall                 Tmut/Erth      3%         N/A       24%         2
 Portal Projectile        Hex/Tloc       8%         N/A       43%         3
 Swiftness                Air            4%         N/A       43%         3
 Tukima's Dance           Hex            4%         N/A       43%         3
 Blade Hands              Tmut           2%         N/A       99%         5
 Yara's Violent Unravell  Hex/Tmut       2%         3d3       99%         5
 Enfeeble                 Hex            2%         N/A       100%        7
 Haunt                    Necr/Summ      8%         N/A       100%        7


Dungeon Overview and Level Annotations

Branches:
Dungeon (5/15)
 Temple: D:4-7

Altars:
Uskayaw


Innate Abilities, Weirdness & Mutations

You are mostly covered in rugged brown scales. (AC +2, +5% HP)
You may rarely emit foul miasma when damaged in melee.
Your touch may inflict irresistible damage on your foes.


Message History

The centaur misses you. x2
You hit the centaur.
The centaur is severely wounded.
The centaur barely misses you.
The centaur kicks you but does no damage.
You barely miss the centaur. Your touch misses the centaur.
The centaur is severely wounded.
The centaur hits you. The centaur kicks you.
You hit the centaur.
The centaur is almost dead.
The centaur barely misses you. The centaur closely misses you.
You completely miss the centaur.
The centaur is almost dead.
The centaur closely misses you.
The centaur kicks you but does no damage.
You barely miss the centaur.
The centaur is almost dead.
The centaur hits you but does no damage.
The centaur kicks you but does no damage.
You barely miss the centaur.
You touch the centaur.
You kill the centaur!
Your Armour skill increases to level 3!
Things that are here:
a +2 shortbow of freezing; a centaur corpse A howler monkey comes into view.
Things that are here:
a +2 shortbow of freezing; a centaur corpse
s - a +2 shortbow of freezing You see here a scroll labelled VAICRORR UKIMA.
The howler monkey closely misses you.
You puncture the howler monkey! Your touch misses the howler monkey.
The howler monkey is heavily wounded.
The howler monkey hits you but does no damage.
You puncture the howler monkey!
You kill the howler monkey!
You have reached level 8!
You feel stronger.
Your demonic ancestry asserts itself...
You begin to emit a foul stench of rot and decay.
u - a scroll labelled VAICRORR UKIMA Are you sure you want to abandon this character and quit the game? (Confirm with "yes".)

..#.# #.#.# #.#
#.#.# #.# #.#.# #.#
#...###.# #.......#
#.......# #..@....+
#.....†.#
####'##........
#.##########.
###>...............
#......#########...
#......# #...
#......# #...
#......# #...


There were no monsters in sight!

Vanquished Creatures
  Grinder (D:3)
  Sigmund (D:2)
  An ice beast (D:3)
  An ogre (D:4)
  2 centaurs
  A phantom (D:3)
  A scorpion (D:5)
  A howler monkey (D:5)
  An orc priest (D:4)
  An orc wizard (D:4)
  2 adders
  2 shadow imps
  4 dart slugs
  4 orcs (D:4)
  3 bats
  4 endoplasms
  6 giant cockroaches
  8 goblins
  4 hobgoblins
  6 jackals (D:1)
  9 kobolds
  3 quokkas
  5 ball pythons
  10 frilled lizards
  8 rats
89 creatures vanquished.

Vanquished Creatures (collateral kills)
  A hobgoblin (D:4)
  2 frilled lizards (D:3)
3 creatures vanquished.

Vanquished Creatures (others)
  A bat (D:3)
  2 orc zombies (D:4)
  8 plants (D:3)
11 creatures vanquished.

Grand Total: 103 creatures vanquished

Notes
Turn   | Place    | Note
-------+----------+-------------------------------------------
     0 | D:1      | mathmaestro the Demonspawn Necromancer began the quest for
                  | the Orb.
     0 | D:1      | Reached XP level 1. HP: 13/13 MP: 3/3
   429 | D:1      | Gained mutation: Your touch may inflict minor irresistible
                  | damage on your foes. [demonic ancestry]
   429 | D:1      | Reached XP level 2. HP: 8/16 MP: 1/5
  1393 | D:1      | Reached skill level 1 in Fighting
  1409 | D:1      | Gained mutation: You are partially covered in rugged brown
                  | scales. (AC +1, +3% HP) [demonic ancestry]
  1409 | D:1      | Reached XP level 3. HP: 21/26 MP: 2/6
  1420 | D:1      | Learned a level 3 spell: Vampiric Draining
  1809 | D:2      | Noticed Sigmund
  1835 | D:2      | Killed Sigmund
  1836 | D:2      | Reached skill level 5 in Necromancy
  1836 | D:2      | Gained mutation: You are mostly covered in rugged brown
                  | scales. (AC +2, +5% HP) [demonic ancestry]
  1836 | D:2      | Reached XP level 4. HP: 19/35 MP: 0/9
  1836 | D:2      | Reached XP level 5. HP: 22/40 MP: 0/10
  1842 | D:2      | Learned a level 4 spell: Animate Dead
  2348 | D:3      | Noticed Grinder
  2683 | D:3      | Found a hide-covered altar of Uskayaw.
  2858 | D:3      | Identified the +1 ring mail of Misanthropy {Contam +Blink
                  | Dex+6 Stlth+}
  2990 | D:3      | Got the Verses on Charming Darkness
  3018 | D:3      | Paralysed by Grinder for 3 turns
  3033 | D:3      | Paralysed by Grinder for 3 turns
  3038 | D:3      | Killed Grinder
  3039 | D:3      | Reached skill level 1 in Armour
  3039 | D:3      | Reached skill level 6 in Necromancy
  3039 | D:3      | Gained mutation: Your touch may inflict irresistible damage
                  | on your foes. [demonic ancestry]
  3039 | D:3      | Reached XP level 6. HP: 31/49 MP: 11/11
  3121 | D:3      | Noticed an ice beast
  3283 | D:3      | Killed an ice beast
  3284 | D:3      | Reached XP level 7. HP: 54/54 MP: 4/13
  3965 | D:4      | Learned a level 5 spell: Agony
  4453 | D:4      | Identified the +7 dagger of the Devouring Gods {speed, rF+
                  | SInv}
  4995 | D:5      | Entered Level 5 of the Dungeon
  5085 | D:5      | Gained mutation: You may rarely emit foul miasma when
                  | damaged in melee. [demonic ancestry]
  5085 | D:5      | Reached XP level 8. HP: 62/64 MP: 15/15
  5087 | D:5      | Quit the game

Illustrated notes

Levels and vault maps discovered:
D:1:      dpeg_arrival_triangle_fractal, layout_basic, minmay_statues_item
D:2:      layout_basic, uniq_sigmund
D:3:      layout_rooms, mainiacjoe_overflow_tiny_flanked,
          hangedman_decor_points, minmay_lizard_king, uniq_grinder
D:4:      layout_layer_cave, minmay_vboxes
D:5:      layout_basic

Skill      XL: |  1  2  3  4  5  6  7 |
---------------+----------------------+-----
Dodging        | 2 |  2.0
Stealth        | 2 |  2.0
Fighting       | 1 2 3 4 |  4.5
Spellcasting   | 3 4 |  4.8
Necromancy     | 5 6 |  6.9
Armour         | 1 3 |  3.1

Action                   |  1- 3 |  4- 6 |  7- 9 || total
-------------------------+-------+-------+-------++-------
Melee: Dagger            |    44 |    21 |    19 ||    84
       Touch             |     6 |     3 |     6 ||    15
       Punch             |       |     1 |       ||     1
       Hand axe          |       |       |    20 ||    20
 Fire: Sling             |       |    11 |     7 ||    18
Throw: Javelin           |       |     2 |       ||     2
 Cast: Necrotise         |    39 |    24 |    44 ||   107
       Vampiric Draining |     2 |       |     1 ||     3
       Animate Dead      |       |       |     1 ||     1
  Use: Scroll            |       |     9 |     3 ||    12
Armor: Robe              |    16 |     3 |       ||    19
       Leather armour    |       |     8 |    26 ||    34
Dodge: Dodged            |    43 |    17 |    31 ||    91

Table legend: (Time is in decaauts)
 A = Elapsed time spent in this place.
 B = Non-inter-level travel time spent in this place.
 C = Inter-level travel time spent in this place.
 D = Time resting spent in this place.
 E = Time spent auto-exploring this place.
 F = Levels seen in this place.
 G = Mean time per level.
                   A        B        C        D        E       F      G
               +--------+--------+--------+--------+--------+-----+--------+
         Total |   5089 |   4777 |    312 |    686 |   3225 |   5 | 1017.8 |
       Dungeon |   5089 |   4777 |    312 |    686 |   3225 |   5 | 1017.8 |
               +--------+--------+--------+--------+--------+-----+--------+

Top non-repeatable levels by time:
     D:1: 1682 daAuts
     D:4: 1500 daAuts
     D:3: 1005 daAuts
     D:2: 815 daAuts
     D:5: 85 daAuts
